 Dungeon Crawl Stone Soup version 0.25-a0-1130-g3926558f3a (webtiles) character file.

Game seed: 15019281338488509665, levelgen mode: deterministic

48399 Gwenloh the Grand Scion (level 14, -1/118 HPs)
             Began as a Deep Dwarf Fighter on May 18, 2020.
             Was a High Priest of Hepliaklqana.
             Slain by an orc warrior
             ... wielding a +0 long sword
              (11 damage)
             ... on level 2 of the Orcish Mines on May 19, 2020.
             The game lasted 01:40:29 (15901 turns).

Gwenloh the Grand Scion (Deep Dwarf Fighter)       Turns: 15901, Time: 01:40:30

Health: -1/118     AC: 23    Str: 24    XL:     14   Next: 12%
Magic:  4/7        EV: 19    Int: 10    God:    Hepliaklqana [*****.]
Gold:   1754       SH:  0    Dex: 18    Spells: 13/13 levels left

rFire    + . .     SeeInvis .   a - +8 glaive "Apniaty" {vorpal, rPois rF+ Str+4}
rCold    . . .     Gourm    .   (shield currently unavailable)
rNeg     + + .     Faith    .   M - +1 swamp dragon scales
rPois    +         Spirit   .   O - +2 helmet
rElec    .         Reflect  .   k - +2 cloak
rCorr    +         Harm     .   i - +2 pair of gloves
MR       ++...                  e - +0 pair of boots
Stlth    +.........             R - amulet "Kaijocw" {Regen+ Dex+2 Slay+3}
HPRegen  0.00/turn              j - ring of resist corrosion
MPRegen  0.10/turn              E - ring of positive energy

@: non-regenerating
A: damage resistance, heal wounds, reduced essence, negative energy resistance
1, sense surroundings 2, no regeneration
a: Heal Wounds, Recall Ancestor, Ancestor Identity, Transference, Idealise,
Renounce Religion


You were on level 2 of the Orcish Mines.
You worshipped Hepliaklqana.
Hepliaklqana was extremely pleased with you.
You were hungry.

You visited 3 branches of the dungeon, and saw 17 of its levels.

You collected 1894 gold pieces.
You spent 140 gold pieces at shops.

Inventory:

Hand Weapons
 a - the +8 glaive "Apniaty" (weapon) {vorpal, rPois rF+ Str+4}
   (You found it on level 4 of the Dungeon)

   It inflicts extra damage upon your enemies.
   It affects your strength (+4).
   It protects you from fire.
   It protects you from poison.
 b - a +0 longbow
 L - a +2 halberd of flaming
Missiles
 r - 70 poisoned darts (quivered)
 z - 9 javelins
 I - 81 arrows
 K - 3 throwing nets
Armour
 e - a +0 pair of boots (worn)
 i - a +2 pair of gloves (worn)
 k - a +2 cloak (worn)
 M - +1 swamp dragon scales (worn)
 O - a +2 helmet (worn)
Jewellery
 j - a ring of resist corrosion (left hand)
 w - an uncursed ring of ice
 x - an uncursed ring of wizardry
 E - a ring of positive energy (right hand)
 N - an uncursed amulet of magic regeneration
 Q - an uncursed amulet of reflection
 R - the amulet "Kaijocw" (around neck) {Regen+ Dex+2 Slay+3}
   (You found it on level 9 of the Dungeon)

   [amulet of regeneration]

   It affects your dexterity (+2).
   It affects your accuracy and damage with ranged weapons and melee attacks
   (+3).
   It increases your rate of regeneration.
Wands
 c - a wand of disintegration (14)
 h - a wand of flame (28)
 A - a wand of clouds (3)
 D - a wand of digging (8)
 J - a wand of acid (9)
 T - a wand of random effects (23)
 W - a wand of enslavement (18)
Scrolls
 d - a scroll of holy word {unknown}
 g - 4 scrolls of fear
 l - 4 scrolls of teleportation
 m - 8 scrolls of fog
 p - 5 scrolls of blinking
 y - a scroll of brand weapon {unknown}
 C - 4 scrolls of immolation
 F - a scroll of enchant weapon
 P - 2 scrolls of magic mapping
 S - 3 scrolls of remove curse
 V - a scroll of amnesia {unknown}
 Z - a scroll of vulnerability {unknown}
Potions
 n - 4 potions of lignification
 o - 3 potions of mutation {unknown}
 t - 4 potions of stabbing {unknown}
 u - a potion of brilliance {unknown}
 v - 2 potions of curing
 B - 3 potions of magic {unknown}
 G - 2 potions of flight {unknown}
 U - a potion of ambrosia {unknown}
 X - a potion of might
 Y - 2 potions of haste {unknown}
Comestibles
 f - 33 rations
 q - 14 chunks of flesh


   Skills:
 + Level 10.0 Fighting
   Level 6.3(10.6) Axes
 + Level 11.2(11.7) Polearms
 + Level 11.6 Armour
 + Level 10.4 Dodging
   Level 5.3 Shields
 + Level 14.3 Invocations


You had 13 spell levels left.
You didn't know any spells.
Your spell library contained the following spells:

 Spells                   Type           Power        Failure   Level  Hunger
 Confusing Touch          Hex            #.......     85%         3    ####...
 Gell's Gravitas          Tloc           #.........   85%         3    ####...
 Petrify                  Tmut/Erth      #.......     99%         4    #####..
 Bolt of Magma            Conj/Fire/Erth #.........   100%        5    ######.
 Iskenderun's Battlesphe  Conj/Chrm      #.......     100%        5    ######.
 Metabolic Englaciation   Hex/Ice        #.........   100%        5    ######.
 Yara's Violent Unravell  Hex/Tmut       #.........   100%        5    ######.
 Iron Shot                Conj/Erth      #.........   100%        6    #######
 Orb of Destruction       Conj           #.........   100%        7    #######
 Spellforged Servitor     Conj/Summ      #.........   100%        7    #######


Dungeon Overview and Level Annotations

Branches:
Dungeon (9/15)             Temple (0/1) D:6            Lair (6/6) D:9
  Swamp (0/4) Lair:3        Snake (0/4) Lair:4        Slime (0/5) Lair:5
    Orc (2/2) D:9             Elf (0/3) Orc:2

Altars:
Cheibriados
Dithmenos
Gozag
Hepliaklqana
Kikubaaqudgha
Trog
Vehumet
Beogh
Jiyva

Shops:
D:5 !   D:6 [   Orc:2 [}

Annotations:
D:4 1 runed translucent door, Amnesiac's ghost, weakling OgWz
Lair:6 exclusion: ice statue
Orc:2 Saint Roka


Innate Abilities, Weirdness & Mutations

You are resistant to damage.
You can heal yourself by infusing magical energy.
You resist negative energy. (rN+)
You passively map the area around you.
You do not regenerate.
Your life essence is reduced to manifest your ancestor. (-10% HP)


Message History

* * * LOW HITPOINT WARNING * * *
You hit Saint Roka.
Saint Roka is almost dead.
The orc misses you.
The orc warrior hits you with a +0 long sword!
* * * LOW HITPOINT WARNING * * *
The orc warrior hits you but does no damage.
Saint Roka closely misses you. The orc completely misses you.
You barely miss Saint Roka.
Saint Roka is almost dead.
The orc warrior hits you with a +0 hand axe.
The orc warrior closely misses you. The orc closely misses you.
Saint Roka calls down the wrath of Beogh upon you.
Beogh smites you!
* * * LOW HITPOINT WARNING * * *
You barely miss Saint Roka.
Saint Roka is almost dead.
The orc warrior closely misses you. The orc hits you but does no damage.
The orc warrior hits you with a +0 long sword!
You die...

..........)....#.#..............#
....##..).######.#..#.........###
..####...........##.#...o...###
..#...........########.o...oo##
.#..............## #.[##)##..##
.................####)##)))##..#
..................##)##.....##o#
......#...#......o)#.#.......#o#
......###.##....@o)(.#...8...#.#
......# ####....oo...#..._...#o#
....### ##..........##.....##o#
....######............##.∩.##.o#
........#...........#..#####.o###
..................####.....oo####
#...........[.....# #......o....
#............[...## ##..........
##............#### #........o.


You could see Saint Roka, 2 orc warriors and an orc (strong).

Vanquished Creatures
  Harold (D:7)
  A catoblepas (Lair:3)
  7 hydras
  A two-headed ogre (D:9)
  A death yak (Lair:5)
  An orc high priest (Orc:2)
  Nergalle (Lair:2)
  Sonja (Lair:1)
  An orc knight (Orc:2)
  An orc sorcerer (Orc:1)
  An ugly thing (D:9)
  9 black mambas
  4 elephants (Lair:4)
  16 spiny frogs
  Maggie (D:7)
  6 komodo dragons
  A rime drake (Lair:3)
  A troll (D:9)
  3 polar bears
  4 tyrant leeches (Lair:6)
  A bog body (Lair:3)
  Prince Ribbit (D:6)
  13 blink frogs
  6 hippogriffs
  2 wyverns
  11 yaks
  A basilisk (Lair:5)
  A hungry ghost (D:9)
  5 vampire mosquitoes (Lair:6)
  2 wargs
  Menkaure (D:6)
  12 water moccasins
  5 porcupines
  3 sky beasts (D:9)
  20 orc warriors
  A slave (D:4)
  8 ice beasts
  A black bear (Lair:2)
  3 wolves
  A phantom (D:9)
  A necrophage (D:9)
  6 ogres
  3 centaurs
  8 crocodiles
  A big kobold (D:9)
  21 bullfrogs
  2 scorpions
  A hornet simulacrum (D:9)
  6 killer bees
  A wight (D:9)
  8 electric eels
  2 howler monkeys
  7 crimson imps
  2 centaur zombies (D:6)
  A bullfrog zombie (D:9)
  9 orc priests
  2 bullfrog skeletons
  3 centaur skeletons (D:6)
  7 hounds
  3 jellies
  11 orc wizards
  Jessica (D:2)
  2 iguanas (D:4)
  A worker ant (D:4)
  A hound skeleton (D:4)
  3 gnolls (D:3)
  15 adders
  A shadow imp (D:8)
  3 white imps
  A worker ant simulacrum (D:9)
  An ooze (D:3)
  A worm (D:4)
  3 dart slugs
  3 leopard geckos
  59 orcs
  3 giant cockroaches
  12 goblins
  10 hobgoblins
  10 jackals
  9 kobolds
  2 quokkas
  5 ball pythons
  7 bats
  4 frilled lizards
  A leopard gecko skeleton (D:3)
  5 rats
  2 plants
430 creatures vanquished.

Vanquished Creatures (collateral kills)
  Jorgrun (Orc:1)
  A hydra (Lair:6)
  A cyclops (Orc:1)
  An elephant (Lair:4)
  4 spiny frogs
  A komodo dragon (Lair:3)
  A troll (Orc:1)
  A bog body (Lair:3)
  3 blink frogs
  A yak (Lair:3)
  A basilisk (Lair:2)
  A vampire mosquito (Lair:6)
  3 water moccasins
  5 orc warriors
  4 ice beasts (Lair:6)
  An ogre (Orc:2)
  An eye of draining (D:9)
  A crocodile (Lair:2)
  A wolf (D:9)
  A big kobold (D:9)
  3 bullfrogs
  3 killer bees
  A crimson imp (D:9)
  A hound (D:9)
  A jelly (D:7)
  3 orc priests (D:9)
  A bullfrog skeleton (D:7)
  7 orc wizards
  2 adders
  An adder simulacrum (D:9)
  12 orcs
  A ball python (Lair:4)
  3 kobolds (D:9)
  A quokka (D:8)
  A quokka skeleton (D:6)
  A fungus (Lair:6)
76 creatures vanquished.

Vanquished Creatures (others)
  Pikel (D:4)
  2 orc wizards (D:4)
  18 hexers
  An ancestor (D:6)
  An orc (D:4)
  4 fungi
  29 plants
56 creatures vanquished.

Grand Total: 562 creatures vanquished

Notes
Turn   | Place    | Note
-------+----------+-------------------------------------------
     0 | D:1      | Gwenloh the Deep Dwarf Fighter began the quest for the Orb.
     0 | D:1      | Reached XP level 1. HP: 20/20 MP: 1/1
   210 | D:1      | Reached XP level 2. HP: 17/27 MP: 2/2
   316 | D:1      | You fall into a shaft and drop 1 floor!
   661 | D:1      | Reached XP level 3. HP: 32/33 MP: 3/3
  1060 | D:2      | Noticed Jessica
  1064 | D:2      | Killed Jessica
  1182 | D:2      | Reached XP level 4. HP: 36/42 MP: 4/4
  1802 | D:3      | Found a bloodstained altar of Trog.
  2157 | D:3      | Reached XP level 5. HP: 24/49 MP: 5/5
  2996 | D:4      | Found a snail-covered altar of Cheibriados.
  3021 | D:4      | Noticed a slave
  3021 | D:4      | Noticed a slave
  3021 | D:4      | Noticed a slave
  3023 | D:4      | Noticed Pikel
  3023 | D:4      | Noticed a slave
  3196 | D:4      | Got a steaming glaive
  3207 | D:4      | Found a runed translucent door.
  3207 | D:4      | Noticed Amnesiac's ghost (weakling OgWz)
  3217 | D:4      | Reached XP level 6. HP: 44/57 MP: 6/6
  3357 | D:4      | Reached skill level 5 in Axes
  3393 | D:4      | Killed a slave
  3398 | D:4      | Killed Pikel
  3940 | D:5      | Entered Level 5 of the Dungeon
  3954 | D:5      | Identified the +8 glaive "Apniaty" {vorpal, rPois rF+
                  | Str+4} (You found it on level 4 of the Dungeon)
  3971 | D:5      | Reached skill level 5 in Shields
  3971 | D:5      | Reached XP level 7. HP: 29/64 MP: 4/4
  3973 | D:5      | Reached skill level 5 in Armour
  4218 | D:5      | Found Wiaqapn's Distillery.
  4227 | D:5      | Bought 2 potions of heal wounds for 140 gold pieces
  4444 | D:6      | Reached skill level 1 in Polearms
  4454 | D:6      | Reached skill level 1 in Dodging
  4457 | D:6      | Reached XP level 8. HP: 67/73 MP: 5/5
  4478 | D:6      | Noticed Prince Ribbit
  4498 | D:6      | Found a hazy altar of Hepliaklqana.
  4562 | D:6      | Killed Prince Ribbit
  4562 | D:6      | Reached skill level 5 in Fighting
  4585 | D:6      | Became a worshipper of Hepliaklqana the Forgotten
  4634 | D:6      | Found a staircase to the Ecumenical Temple.
  4730 | D:6      | Found Eheomn's Armour Shop.
  4838 | D:6      | Noticed Menkaure
  4843 | D:6      | Killed Menkaure
  4843 | D:6      | Reached skill level 1 in Invocations
  4987 | D:6      | Reached skill level 2 in Invocations
  5072 | D:7      | Gained mutation: You passively map the area around you.
                  | [Deep Dwarf growth]
  5072 | D:7      | Reached XP level 9. HP: 45/72 MP: 6/6
  5074 | D:7      | Found a shadowy altar of Dithmenos.
  5308 | D:7      | Noticed Harold
  5321 | D:7      | Killed Harold
  5321 | D:7      | Reached skill level 5 in Polearms
  5321 | D:7      | Reached skill level 4 in Invocations
  5371 | D:7      | Noticed Maggie
  5389 | D:7      | Killed Maggie
  5389 | D:7      | Reached skill level 5 in Invocations
  5534 | D:7      | Reached * piety under Hepliaklqana
  6325 | D:9      | Reached ** piety under Hepliaklqana
  6326 | D:9      | Remembered your ancestor Caesarion as a hexer
  6391 | D:9      | Reached skill level 6 in Invocations
  6565 | D:9      | Reached XP level 10. HP: 54/81 MP: 10/10
  6633 | D:9      | Noticed a brown ugly thing
  6635 | D:9      | Reached skill level 5 in Dodging
  6649 | D:9      | Reached skill level 7 in Invocations
  6659 | D:9      | Killed a brown ugly thing
  6697 | D:9      | Got a faintly glowing chain mail
  6708 | D:9      | Identified the +0 chain mail of Insecurity {rN+} (You found
                  | it on level 9 of the Dungeon)
  6735 | D:9      | Got a translucent sapphire amulet
  6771 | D:9      | Identified the +2 dagger of Hucaxas {vamp, rN+ Int+6}
  6822 | D:9      | Reached skill level 8 in Invocations
  7009 | D:9      | Found a staircase to the Orcish Mines.
  7208 | D:9      | Noticed a two-headed ogre
  7216 | D:9      | Killed a two-headed ogre
  7294 | D:9      | Reached XP level 11. HP: 70/90 MP: 12/12
  7306 | D:9      | Reached skill level 9 in Invocations
  7353 | D:9      | Found an ancient bone altar of Kikubaaqudgha.
  7644 | D:9      | Found a staircase to the Lair.
  7778 | D:9      | Found a radiant altar of Vehumet.
  7944 | D:9      | Found an opulent altar of Gozag.
  8059 | Lair:1   | Entered Level 1 of the Lair of Beasts
  8204 | Lair:1   | Found the +8 whip "Snakebite" {curare, rPois}
  8357 | Lair:1   | Reached skill level 10 in Invocations
  8404 | Lair:1   | Noticed a five-headed hydra
  8411 | Lair:1   | Killed a ten-headed hydra
  8425 | Lair:1   | Noticed Sonja
  8444 | Lair:1   | Killed Sonja
  8520 | Lair:1   | Reached *** piety under Hepliaklqana
  9250 | Lair:2   | You fall into a shaft and drop 2 floors!
  9455 | Lair:4   | Reached skill level 11 in Invocations
  9491 | Lair:3   | Reached **** piety under Hepliaklqana
  9514 | Lair:3   | Noticed a catoblepas
  9663 | Lair:2   | Reached XP level 12. HP: 78/99 MP: 10/10
  9967 | Lair:2   | Noticed a six-headed hydra
  9979 | Lair:2   | Killed a two-headed hydra
 10229 | Lair:3   | Noticed Nergalle
 10462 | Lair:2   | Killed Nergalle
 10485 | Lair:3   | Killed a catoblepas
 10497 | Lair:3   | Found a staircase to the Swamp.
 10514 | Lair:3   | Reached skill level 12 in Invocations
 10726 | Lair:3   | Reached skill level 10 in Armour
 11213 | Lair:4   | Reached ***** piety under Hepliaklqana
 11327 | Lair:4   | Reached skill level 10 in Polearms
 11345 | Lair:4   | Found a staircase to the Snake Pit.
 11388 | Lair:4   | Identified the amulet "Kaijocw" {Regen+ Dex+2 Slay+3} (You
                  | found it on level 9 of the Dungeon)
 12290 | Lair:5   | Found a staircase to the Slime Pits.
 12292 | Lair:5   | Found a viscous altar of Jiyva.
 12756 | Lair:5   | Noticed a death yak
 12756 | Lair:5   | Noticed a four-headed hydra
 12761 | Lair:5   | Reached XP level 13. HP: 95/106 MP: 12/12
 12767 | Lair:5   | Reached skill level 13 in Invocations
 12983 | Lair:6   | Entered Level 6 of the Lair of Beasts
 13692 | Lair:6   | Upgraded the game from 0.25-a0-1119-g28b6fd0c3b to
                  | 0.25-a0-1130-g3926558f3a
 13804 | Lair:6   | Reached skill level 10 in Dodging
 13997 | Lair:6   | Reached skill level 14 in Invocations
 14260 | Orc:1    | Entered Level 1 of the Orcish Mines
 14406 | Orc:2    | Entered Level 2 of the Orcish Mines
 14659 | Orc:2    | Found a staircase to the Elven Halls.
 15175 | Orc:1    | Noticed Jorgrun
 15199 | Orc:1    | Killed Jorgrun
 15199 | Orc:1    | Gained mutation: You resist negative energy. (rN+) [Deep
                  | Dwarf growth]
 15199 | Orc:1    | Reached XP level 14. HP: 42/117 MP: 12/12
 15344 | Orc:2    | Found a roughly hewn altar of Beogh.
 15362 | Orc:2    | Found Nepiliss's Armour Boutique.
 15468 | Orc:2    | Found a roughly hewn altar of Beogh.
 15525 | Orc:2    | Found a roughly hewn altar of Beogh.
 15638 | Orc:2    | Found a roughly hewn altar of Beogh.
 15642 | Orc:2    | Found Cuodet's Gadget Boutique.
 15786 | Orc:2    | Noticed Saint Roka
 15852 | Orc:1    | Reached skill level 10 in Fighting
 15893 | Orc:2    | HP: 2/118 [Saint Roka/divine providence (7)]
 15901 | Orc:2    | Slain by an orc warrior

Illustrated notes

Levels and vault maps discovered:
D:1:      saegor_arrival_simple_c, layout_basic, nrook_uturn
D:2:      layout_basic, first_ration, uniq_jessica
D:3:      layout_basic, bloody_trog
D:4:      layout_loops_ring, gammafunk_ghost_grave, kennysheep_slug_shrine,
          uniq_pikel
D:5:      layout_basic, serial_shops, shop
D:6:      layout_cave_pools, lemuel_crystal_altar, minmay_temple_entry_waves,
          serial_shops, nicolae_shop_trees, uniq_prince_ribbit1, uniq_menkaure
D:7:      layout_rooms, old_standard_altar, uniq_harold, uniq_maggie
D:8:      layout_basic
D:9:      layout_loops_corners, fiery_altar_vehumet,
          nicolae_overflow_hidden_temple, erik_lair_island, orc_david_3,
          serial_ice, serial_ice_l, serial_ice_m, serial_ice_f, serial_ice_b,
          minmay_pinched_square
Lair:1:   minmay_guarded_unrand_snakebite, layout_regular_city, st_stairs_13,
          serial_bayou_pond_b, uniq_sonja
Lair:2:   cheibrodos_lair_river_kwai, layout_long_grid, st_stairs_4,
          grunt_megastairs_3, infiniplex_staircase_pool_2
Lair:3:   layout_cave_shapes, skrybe_swamp_entry_bodies, uniq_nergalle
Lair:4:   layout_cave_pods, minmay_snake_entry_six_corridors
Lair:5:   layout_long_grid, slime_altar_1, hangedman_lair_generics_rect,
          grunt_megastairs_4
Lair:6:   minmay_lair_end_frog_pond, layout_misc_corridors, ice2_lemuel,
          serial_bayou_shore_b, serial_bayou_shore_a
Orc:1:    layout_caves, uniq_jorgrun
Orc:2:    grunt_orc_community_town_hall, layout_diamond_mine,
          grunt_orc_community_big_house_1, grunt_orc_community_big_house_2,
          grunt_orc_community_house_3, grunt_orc_community_house_2,
          grunt_orc_community_house_2, grunt_orc_community_house_3,
          grunt_orc_community_house_2, grunt_orc_community_house_2

Skill      XL: |  1  2  3  4  5  6  7  8  9 10 11 12 13 14 |
---------------+-------------------------------------------+-----
Axes           | 3 4 5 6 |  6.3
Fighting       | 3 4 5 6 7 8 9 10 | 10.0
Armour         | 4 5 6 7 8 9 10 11 | 11.6
Shields        | 4 5 |  5.3
Polearms       | 1 4 5 7 8 10 11 | 11.2
Dodging        | 1 3 4 6 7 8 10 | 10.4
Invocations    | 2 6 8 11 12 14 | 14.3

Action                   |  1- 3 |  4- 6 |  7- 9 | 10-12 | 13-15 || total
-------------------------+-------+-------+-------+-------+-------++-------
Melee: War axe           |   140 |   214 |       |       |       ||   354
       Glaive            |       |     5 |   163 |   418 |   378 ||   964
       Halberd           |       |       |       |     9 |    32 ||    41
 Fire: Shortbow          |       |       |    13 |    46 |       ||    59
       Longbow           |       |       |       |    23 |    49 ||    72
Throw: Stone             |    67 |   150 |    56 |    41 |       ||   314
       Dart              |       |       |       |       |    13 ||    13
Invok: Ancestor Identity |       |       |     1 |     1 |       ||     2
       Ancestor Life: He |       |       |     1 |       |       ||     1
       Recall Ancestor   |       |       |       |     2 |     1 ||     3
       Idealise          |       |       |       |       |     1 ||     1
 Abil: Heal Wounds       |     1 |     9 |     3 |    21 |    30 ||    64
Evoke: Wand              |       |     1 |       |     4 |     7 ||    12
  Use: Scroll            |     2 |     9 |     4 |     5 |     1 ||    21
       Potion            |       |     1 |     6 |     1 |     1 ||     9
 Stab: Distracted        |       |       |     1 |     4 |     2 ||     7
       Confused          |       |       |       |     5 |     6 ||    11
       Petrified         |       |       |       |     1 |       ||     1
  Eat: Chunk             |     1 |     9 |     9 |    27 |    11 ||    57
Armor: Scale mail        |    67 |   103 |    82 |       |       ||   252
       Swamp dragon scal |       |       |    20 |   181 |   176 ||   377
Dodge: Dodged            |    43 |    63 |   133 |   283 |   390 ||   912
Block: Kite shield       |    73 |    99 |       |       |       ||   172

Table legend:
 A = Non-vault XP
 B = Vault XP
 C = Vault XP percentage of total XP
 D = Non-vault monster count
 E = Vault monster count
 F = Vault count percentage of total count
                 A         B        C        D         E       F
            +---------+---------+-------+---------+---------+-------
      Total |   33680 |   35462 |  51.3 |     303 |     200 |  39.8
            +---------+---------+-------+---------+---------+-------
        D:1 |      49 |       0 |   0.0 |      27 |       0 |   0.0
        D:2 |      30 |      37 |  55.2 |      10 |       1 |   9.1
        D:3 |     222 |       0 |   0.0 |      37 |       0 |   0.0
        D:4 |     343 |      21 |   5.8 |      17 |       2 |  10.5
        D:5 |     495 |       0 |   0.0 |      12 |       0 |   0.0
        D:6 |    1056 |     421 |  28.5 |      21 |       2 |   8.7
        D:7 |     333 |    1392 |  80.7 |       6 |       2 |  25.0
        D:8 |     457 |       0 |   0.0 |      10 |       0 |   0.0
        D:9 |    3950 |    4449 |  53.0 |      59 |      35 |  37.2
     Lair:1 |    3780 |    1969 |  34.2 |      14 |      10 |  41.7
     Lair:2 |    2178 |    2744 |  55.7 |      11 |       8 |  42.1
     Lair:3 |    5870 |     545 |   8.5 |      20 |       2 |   9.1
     Lair:4 |    3619 |    1291 |  26.3 |      12 |      16 |  57.1
     Lair:5 |    1556 |    3867 |  71.3 |       7 |       9 |  56.2
     Lair:6 |    6570 |   12168 |  64.9 |      14 |      55 |  79.7
      Orc:1 |    1996 |    3328 |  62.5 |      13 |       4 |  23.5
      Orc:2 |    1176 |    3230 |  73.3 |      13 |      54 |  80.6
            +---------+---------+-------+---------+---------+-------
